 Dungeon Crawl Stone Soup version 0.31.0-11-ge490571c62 (webtiles) character file.

Game seed: 3015539757798088102

324 qw the Shooter (level 6, -3/30 HPs)
             Began as a Spriggan Hunter on Feb 3, 2024.
             Was a Follower of Okawaru.
             Slain by a gnoll sergeant
             ... wielding a +2 trident of pain
              (7 damage)
             ... on level 4 of the Dungeon.
             The game lasted 00:00:11 (2571 turns).

qw the Shooter (Spriggan Hunter)                    Turns: 2571, Time: 00:00:11

Health: -3/30      AC:  5    Str:  7    XL:     6   Next: 23%
Magic:  7/7        EV: 21    Int: 10    God:    Okawaru [*.....]
Gold:   199        SH:  0    Dex: 21    Spells: 5/5 levels left

rFire   . . .        a - +0 shortbow
rCold   . . .        (shield currently unavailable)
rNeg    . . .        c - +0 robe
rPois   .            (helmet restricted)
rElec   .            b - +2 cloak
rCorr   .            (gloves unavailable)
SInv    +            (boots unavailable)
Will    +....        (no amulet)
Stlth   ++           (no ring)
HPRegen 0.25/turn    (no ring)
MPRegen 0.10/turn

%: no passive effects
@: about to teleport, very quick
A: very small, no large weapons, unfitting armour, see invisible, speed 3
a: Renounce Religion, Heroism


You were on level 4 of the Dungeon.
You worshipped Okawaru.
Okawaru was aware of your devotion.
You visited 1 branch of the dungeon, and saw 4 of its levels.

You collected 199 gold pieces.


Innate Abilities, Weirdness & Mutations

You are very small and have problems with some larger weapons.
You are too small for most types of armour.
You have supernaturally acute eyesight. (SInv)
You cover ground extremely quickly. (Speed+++)


   Skills:
 - Level 2.1 Fighting
 - Level 6.1 Ranged Weapons
 + Level 5.9 Dodging
 - Level 1.5 Stealth
 + Level 0.0 Invocations


You had 5 spell levels left.
You didn't know any spells.
Your spell library was empty.

Inventory:

Hand Weapons
 a - a +0 shortbow (weapon)
Armour
 b - a +2 cloak (worn)
 c - a +0 robe (worn)
Jewellery
 e - a ring of magical power
Scrolls
 j - a scroll of teleportation
Potions
 d - a potion of resistance {unknown}
 g - 2 potions of might
 h - 5 potions of curing
 k - a potion of attraction {unknown}

Dungeon Overview and Level Annotations

Branches:
Dungeon (4/15)
 Temple: D:4-7

Altars:
Okawaru
Yredelemnul

Annotations:
D:4 4 runed translucent doors


Message History

A scorpion comes into view.
The gnoll sergeant barely misses you.
You shoot an arrow.
The arrow completely misses the gnoll sergeant.
The gnoll sergeant completely misses you.
You shoot an arrow. The arrow barely misses the scorpion.
The gnoll sergeant hits you from afar with a +2 trident of pain.
You shoot an arrow. The arrow closely misses the scorpion.
The scorpion stings you. The gnoll sergeant closely misses you.
You shoot an arrow. The arrow barely misses the scorpion.
The scorpion misses you. The gnoll sergeant closely misses you.
The scorpion stings you but does no damage.
You shoot an arrow. The arrow hits the scorpion.
The scorpion is moderately wounded.
The gnoll sergeant closely misses you. The scorpion stings you.
You shoot an arrow. The arrow closely misses the scorpion.
The gnoll sergeant closely misses you. The scorpion completely misses you.
You shoot an arrow. The arrow closely misses the scorpion.
The gnoll sergeant barely misses you. The scorpion stings you.
The gnoll sergeant misses you.
You shoot an arrow. The arrow hits the scorpion!
The scorpion is severely wounded.
The scorpion closely misses you. The scorpion misses you.
The gnoll sergeant closely misses you.
You shoot an arrow. The arrow hits the scorpion!
You kill the scorpion!
Okawaru accepts your kill.
You can now gain great but temporary skills.
The gnoll sergeant hits you from afar with a +2 trident of pain!
You writhe in agony.
You have reached level 6!
2570 ||| READING 2 scrolls of teleportation.
As you read the scroll of teleportation, it crumbles to dust.
You feel strangely unstable.
The gnoll sergeant hits you but does no damage.
You writhe in agony.
You shoot an arrow.
The arrow hits the gnoll sergeant but does no damage.
The gnoll sergeant hits you from afar with a +2 trident of pain!
You die...

#..##$ .)# #8....8#..#
# #...## ##
#"....:#.## # #...#
#=.5../#.##### #..##
#8...z8#.#.... #..#
#######8..8##...###
#..#
##.#)).##++##...##
#..# #(#.g#..........#
#..#.####.#.#.......##
#..##)..@##.#.#######
#...######....#
#.#........####
#....####### ######


You could see a gnoll sergeant.

Vanquished Creatures
  A phantom (D:4)
  A scorpion (D:4)
  A bombardier beetle (D:4)
  2 iguanas (D:4)
  3 adders
  A dart slug (D:3)
  2 ribbon worms
  6 orcs
  5 endoplasms
  3 giant cockroaches
  10 goblins
  6 hobgoblins
  4 jackals (D:4)
  A quokka (D:1)
  3 ball pythons
  3 bats
  2 frilled lizards (D:3)
  3 kobolds
  5 rats
62 creatures vanquished.

Notes
Turn   | Place    | Note
-------+----------+-------------------------------------------
     0 | D:1      | qw the Spriggan Hunter began the quest for the Orb.
     0 | D:1      | Reached XP level 1. HP: 10/10 MP: 2/2
     0 | D:1      | 0 ||| qw: Version: 0.3-a-155-g5e7d8dd
     0 | D:1      | 0 ||| qw: Game counter: 3502
     0 | D:1      | 0 ||| qw: Melee chars always use a shield: true
     0 | D:1      | 0 ||| qw: God list: Okawaru
     0 | D:1      | 0 ||| qw: Allow faded altars: false
     0 | D:1      | 0 ||| qw: Do Orc after clearing Dungeon:15 true
     0 | D:1      | 0 ||| qw: Do second Lair branch before Depths: true
     0 | D:1      | 0 ||| qw: Lair rune preference: random
     0 | D:1      | 0 ||| qw: Goals: Normal
     0 | D:1      | 0 ||| PLANNING D:1-11
    31 | D:1      | Reached skill level 3 in Dodging
   239 | D:1      | Reached XP level 2. HP: 10/14 MP: 3/3
   342 | D:1      | 342 ||| READING 2 scrolls labelled CYUSOHECEH.
   342 | D:1      | 342 ||| IDENTIFYING emerald potion
   343 | D:1      | 343 ||| READING scroll of identify.
   343 | D:1      | 343 ||| IDENTIFYING coppery potion
   344 | D:1      | 344 ||| READING 2 scrolls labelled ITAFIZ JALEETI.
   344 | D:1      | 344 ||| ENCHANTING +0 shortbow.
   345 | D:1      | 345 ||| READING scroll labelled FUDAEHU RIJUC.
   346 | D:1      | 346 ||| READING scroll labelled DAEZEI ZOSIANEDGH.
   347 | D:1      | 347 ||| DRINKING 2 metallic clear potions.
   348 | D:1      | 348 ||| DRINKING 2 dark potions.
   349 | D:1      | 349 ||| DROPPING scroll of butterflies.
   350 | D:1      | 350 ||| DROPPING potion of magic.
   445 | D:2      | Found a faded altar of an unknown god.
   497 | D:2      | 497 ||| RETREEEEATING.
   504 | D:2      | Reached XP level 3. HP: 18/18 MP: 4/4
   710 | D:2      | 710 ||| READING scroll of identify.
   710 | D:2      | 710 ||| IDENTIFYING viscous pink potion
   711 | D:2      | 711 ||| READING 3 scrolls labelled ERUMOCIAHO.
   716 | D:2      | 716 ||| DROPPING potion of degeneration.
  1471 | D:3      | Reached skill level 5 in Ranged Weapons
  1536 | D:3      | 1536 ||| UPGRADING to +0 cloak.
  1541 | D:3      | 1541 ||| READING 2 scrolls of enchant armour.
  1541 | D:3      | 1541 ||| ENCHANTING +0 cloak.
  1542 | D:3      | 1542 ||| READING scroll of enchant armour.
  1542 | D:3      | 1542 ||| ENCHANTING +1 cloak.
  1543 | D:3      | 1543 ||| DRINKING 2 bubbling grey potions.
  1544 | D:3      | 1544 ||| FLEEEEING.
  1545 | D:3      | 1545 ||| FLEEEEING.
  1546 | D:3      | 1546 ||| FLEEEEING.
  1547 | D:3      | 1547 ||| FLEEEEING.
  1548 | D:3      | 1548 ||| FLEEEEING.
  1549 | D:3      | 1549 ||| FLEEEEING.
  1550 | D:3      | 1550 ||| FLEEEEING.
  1551 | D:3      | 1551 ||| FLEEEEING.
  1552 | D:3      | 1552 ||| FLEEEEING.
  1553 | D:3      | 1553 ||| FLEEEEING.
  1554 | D:3      | 1554 ||| FLEEEEING.
  1555 | D:3      | 1555 ||| FLEEEEING.
  1556 | D:3      | 1556 ||| FLEEEEING.
  1557 | D:3      | 1557 ||| FLEEEEING.
  1558 | D:3      | 1558 ||| FLEEEEING.
  1559 | D:3      | 1559 ||| FLEEEEING.
  1560 | D:3      | 1560 ||| FLEEEEING.
  1561 | D:3      | 1561 ||| FLEEEEING.
  1562 | D:3      | 1562 ||| FLEEEEING.
  1563 | D:3      | 1563 ||| FLEEEEING.
  1564 | D:3      | 1564 ||| FLEEEEING.
  1565 | D:3      | 1565 ||| FLEEEEING.
  1566 | D:3      | 1566 ||| FLEEEEING.
  1567 | D:3      | 1567 ||| FLEEEEING.
  1568 | D:3      | 1568 ||| FLEEEEING.
  1569 | D:3      | 1569 ||| FLEEEEING.
  1570 | D:3      | 1570 ||| STAIRDANCE
  1572 | D:2      | 1572 ||| FLEEEEING.
  1573 | D:2      | 1573 ||| STAIRDANCE
  1675 | D:1      | 1675 ||| DROPPING potion of berserk rage.
  1710 | D:4      | Reached XP level 4. HP: 22/22 MP: 5/5
  1766 | D:4      | Found an iron altar of Okawaru.
  1767 | D:4      | 1767 ||| PLANNING OKAWARU WORSHIP
  1767 | D:4      | 1767 ||| READING scroll labelled QAMESAIPLO.
  1877 | D:4      | Became a worshipper of Warmaster Okawaru
  1878 | D:4      | 1878 ||| PLANNING D:1-11
  1987 | D:4      | Found a large runed translucent door.
  1988 | D:4      | Found a large runed translucent door.
  1999 | D:4      | Found a large runed translucent door.
  1999 | D:4      | Found a large runed translucent door.
  2110 | D:4      | Found a basalt altar of Yredelemnul.
  2160 | D:4      | Reached XP level 5. HP: 26/26 MP: 6/6
  2361 | D:4      | Noticed a phantom
  2378 | D:4      | 2378 ||| RETREEEEATING.
  2385 | D:4      | Killed a phantom
  2386 | D:4      | Reached skill level 6 in Ranged Weapons
  2437 | D:4      | HP: 4/26 [gnoll sergeant/+2 trident of pain (10)]
  2438 | D:4      | 2438 ||| READING 3 scrolls of teleportation.
  2439 | D:4      | 2439 ||| DRINKING potion of heal wounds.
  2569 | D:4      | Reached * piety under Okawaru
  2569 | D:4      | HP: 5/26 [gnoll sergeant/+2 trident of pain (7)]
  2570 | D:4      | Reached XP level 6. HP: 5/30 MP: 7/7
  2570 | D:4      | 2570 ||| READING 2 scrolls of teleportation.
  2571 | D:4      | Slain by a gnoll sergeant

Levels and vault maps discovered:
D:1:      orjb1_lava_funnel, layout_rooms
D:2:      layout_rooms, basic_ecumenical_altar
D:3:      layout_basic, kennysheep_pointless_box, chequers_serial_rivers_marsh,
          kennysheep_potato
D:4:      layout_loops_ring, mainiacjoe_overflow_six_doors_small,
          okawaru_gym_becter, minmay_hollow_rounded_squares

Skill      XL: |  1  2  3  4  5 |
---------------+----------------+-----
Dodging        | 3 4 5 |  5.9
Ranged Weapons | 5 6 |  6.1
Fighting       | 2 |  2.1
Stealth        | |  1.5

Action                     |  1- 3 |  4- 6 || total
---------------------------+-------+-------++-------
   Fire: Shortbow          |    99 |    99 ||   198
    Use: Scroll            |     9 |     3 ||    12
         Potion            |     3 |     1 ||     4
 Armour: Robe              |     3 |    22 ||    25
  Dodge: Dodged            |    21 |    57 ||    78

Table legend:
 A = Non-vault XP
 B = Vault XP
 C = Vault XP percentage of total XP
 D = Non-vault monster count
 E = Vault monster count
 F = Vault count percentage of total count
                 A         B        C        D         E       F
            +---------+---------+-------+---------+---------+-------
      Total |     250 |     214 |  46.1 |      51 |      11 |  17.7
            +---------+---------+-------+---------+---------+-------
        D:1 |      15 |       0 |   0.0 |      10 |       0 |   0.0
        D:2 |      43 |       0 |   0.0 |      10 |       0 |   0.0
        D:3 |      34 |       3 |   8.1 |      15 |       2 |  11.8
        D:4 |     158 |     211 |  57.2 |      16 |       9 |  36.0
            +---------+---------+-------+---------+---------+-------
